[ AOE2 MATCH · #504915446 ]
UnrankedJurchens vs Tupi
Player's team · LOSS
Rival team · WIN
[ REPLAY ANALYSIS · EXTRACTED FROM THE RECORDED GAME ]
Feudal
—
Castle
—
Imperial
—
| APM avg | 45.3 |
| APM peak | 69 |
| eAPM avg | 19.7 |
| Villagers / military | 43 / 0 |
Focus
⚔️ 12.2% · 🌾 87.8%
Feudal
20:40
Castle
—
Imperial
—
| APM avg | 55.4 |
| APM peak | 90 |
| eAPM avg | 26.0 |
| Villagers / military | 54 / 0 |
Focus
⚔️ 19.5% · 🌾 80.5%
Match map
Initial resources + every placement click. Lines = walls · curves = elevation contours. ◆ gold · ⬟ stone · ● berries · ✦ relic · ◌ wall gap
Your base· Open — unwalled flank
TE MS MOE's base· Open — unwalled flank
Smoothed initial terrain · ◌ = detected wall gap · hover for details
Inputs per minute
— hurm0k [PT] - - TE MS MOE
Build order — hurm0k [PT]
62 actions detected in the replay
| 0:02 | Build | House |
| 0:03 | Queue | Villager (Male) |
| 0:03 | Queue | Villager (Male) |
| 0:04 | Build | House |
| 0:05 | Queue | Villager (Male) ×2 |
| 1:25 | Queue | Villager (Male) |
| 1:36 | Queue | Villager (Male) |
| 2:21 | Build | Lumber Camp |
| 2:31 | Queue | Villager (Male) |
| 2:31 | Queue | Villager (Male) |
| 3:21 | Queue | Villager (Male) |
| 3:28 | Build | House |
| 3:34 | Build | House |
| 3:46 | Queue | Villager (Male) |
| 4:00 | Research | Loom |
| 4:00 | Research | Loom |
| 4:26 | Queue | Villager (Male) |
| 4:26 | Queue | Villager (Male) |
| 4:52 | Build | Mill |
| 5:21 | Queue | Villager (Male) |
| 5:21 | Queue | Villager (Male) |
| 7:17 | Queue | Villager (Male) |
| 7:17 | Queue | Villager (Male) |
| 7:17 | Queue | Villager (Male) |
| 7:17 | Queue | Villager (Male) |
| 7:33 | Queue | Villager (Male) |
| 7:33 | Queue | Villager (Male) |
| 7:34 | Queue | Villager (Male) |
| 7:37 | Build | Mill |
| 8:31 | Queue | Villager (Male) |
| 8:31 | Queue | Villager (Male) |
| 11:02 | Build | Palisade Gate |
| 11:22 | Build | House |
| 11:25 | Build | Palisade Wall |
| 12:24 | Build | Town Center |
| 12:47 | Build | Palisade Wall |
| 12:56 | Build | Palisade Wall |
| 12:59 | Build | Palisade Wall |
| 13:14 | Queue | Villager (Male) |
| 13:14 | Queue | Villager (Male) |
| 13:14 | Queue | Villager (Male) |
| 13:17 | Build | House |
| 13:52 | Queue | Villager (Male) |
| 13:52 | Queue | Villager (Male) |
| 14:54 | Queue | Villager (Male) |
| 16:05 | Build | Town Center |
| 16:41 | Queue | Villager (Male) ×3 |
| 16:42 | Queue | Villager (Male) ×3 |
| 17:13 | Build | House |
| 17:20 | Queue | Villager (Male) ×2 |
| 17:47 | Queue | Villager (Male) |
| 18:04 | Build | Mill |
| 18:13 | Queue | Villager (Male) |
| 18:13 | Queue | Villager (Male) |
| 18:32 | Queue | Villager (Male) |
| 18:33 | Queue | Villager (Male) |
| 18:44 | Build | Palisade Gate |
| 18:46 | Build | House |
| 18:49 | Build | Palisade Gate |
| 18:53 | Build | House |
| 19:52 | Build | Lumber Camp |
| 20:38 | Queue | Villager (Male) |
Build order — TE MS MOE
73 actions detected in the replay
| 0:01 | Queue | Villager (Male) |
| 0:02 | Build | House |
| 0:04 | Build | House |
| 0:07 | Queue | Villager (Male) |
| 0:07 | Queue | Villager (Male) |
| 0:07 | Queue | Villager (Male) |
| 0:07 | Queue | Villager (Male) |
| 0:08 | Queue | Villager (Male) |
| 1:04 | Queue | Villager (Male) |
| 1:04 | Queue | Villager (Male) |
| 1:04 | Queue | Villager (Male) |
| 1:30 | Queue | Villager (Male) |
| 1:30 | Queue | Villager (Male) |
| 1:30 | Queue | Villager (Male) |
| 1:57 | Build | Settlement |
| 1:59 | Queue | Villager (Male) |
| 1:59 | Queue | Villager (Male) |
| 1:59 | Queue | Villager (Male) |
| 2:16 | Queue | Villager (Male) |
| 2:17 | Queue | Villager (Male) |
| 2:50 | Queue | Villager (Male) |
| 2:50 | Queue | Villager (Male) |
| 3:32 | Queue | Villager (Male) |
| 3:32 | Queue | Villager (Male) |
| 3:33 | Queue | Villager (Male) |
| 4:06 | Queue | Villager (Male) |
| 4:29 | Queue | Villager (Male) |
| 4:39 | Research | Loom |
| 4:39 | Research | Loom |
| 4:54 | Queue | Villager (Male) |
| 4:54 | Queue | Villager (Male) |
| 4:54 | Queue | Villager (Male) |
| 4:55 | Queue | Villager (Male) |
| 4:55 | Queue | Villager (Male) |
| 5:20 | Queue | Villager (Male) |
| 5:20 | Queue | Villager (Male) |
| 6:25 | Build | Town Center |
| 6:31 | Build | Palisade Wall |
| 6:34 | Build | Palisade Wall |
| 6:35 | Build | Palisade Wall |
| 6:44 | Build | Palisade Gate |
| 6:48 | Build | Palisade Wall |
| 7:10 | Queue | Villager (Male) |
| 7:10 | Queue | Villager (Male) |
| 7:10 | Queue | Villager (Male) |
| 7:10 | Queue | Villager (Male) |
| 8:23 | Queue | Villager (Male) |
| 8:23 | Queue | Villager (Male) |
| 8:23 | Queue | Villager (Male) |
| 9:53 | Queue | Villager (Male) |
| 9:53 | Queue | Villager (Male) |
| 9:53 | Queue | Villager (Male) |
| 9:58 | Build | House |
| 11:43 | Queue | Villager (Male) |
| 12:15 | Queue | Villager (Male) |
| 12:15 | Queue | Villager (Male) |
| 12:39 | Queue | Villager (Male) |
| 12:39 | Queue | Villager (Male) |
| 12:40 | Queue | Villager (Male) |
| 12:40 | Queue | Villager (Male) |
| 12:40 | Queue | Villager (Male) |
| 12:40 | Queue | Villager (Male) |
| 12:40 | Queue | Villager (Male) |
| 15:25 | Queue | Villager (Male) |
| 15:25 | Queue | Villager (Male) |
| 17:15 | Build | Settlement |
| 18:00 | Queue | Villager (Male) |
| 18:30 | Research | Feudal Age |
| 18:31 | Research | Feudal Age |
| 20:18 | Build | Settlement |
| 20:40 | Age | Feudal Age |
| 20:43 | Research | Town Watch |
| 20:43 | Research | Town Watch |
Match timeline
| 6:31 | TE MS MOE · wall_segment Palisade Wall x1 |
| 6:34 | TE MS MOE · wall_segment Palisade Wall x1 |
| 6:35 | TE MS MOE · wall_segment Palisade Wall x1 |
| 6:48 | TE MS MOE · wall_segment Palisade Wall x1 |
| 11:25 | hurm0k [PT] · wall_segment Palisade Wall x1 |
| 12:47 | hurm0k [PT] · wall_segment Palisade Wall x3 |
| 12:56 | hurm0k [PT] · wall_segment Palisade Wall x1 |
| 12:59 | hurm0k [PT] · wall_segment Palisade Wall x1 |
| 20:40 | TE MS MOE · age_up feudal |
| 20:48 | hurm0k [PT] · resign |
[ AI ANALYSIS · 1 CREDIT ]
What really happened in this match?
Wolo.gg analyzes every decision: build order, eco, micro, common mistakes by bracket. Personalized analysis on WhatsApp or Discord in 30 seconds.
Civ guide
Jurchens
Perfil
Jugador #269916